Map: Eternal Empire LE

Players

OcpMetal - Winner!

  • Race: Terran Terran
  • League: Gold
  • Spawn Location: 7:00

VOD

Have the link to the VOD?

Description

Time

  • Played on: July 12, 2020, 6:18 p.m.
  • Length: 11:32
Show
View Real Time Build Order
Export as new Build Order

OcpMetal Terran - Winner!

Build Orders:  

Get SALT Encoding   

  12  0:01  SCV  
  13  0:18  SCV  
  14  0:27  Supply Depot  
  14  0:35  SCV  
  15  0:57  SCV  
  16  1:00  Barracks  
  16  1:06  Refinery  
  16  1:14  SCV  
  17  1:31  SCV  
  18  1:49  SCV  
  19  2:06  Orbital Command  
  19  2:16  Reaper  
  20  2:22  Command Center  
  20  2:41  Supply Depot  
  20  2:42  SCV  
  21  2:59  SCV  
  22  3:16  SCV  
  22  3:18  Bunker  
  23  3:30  Marine  
  23  3:33  SCV  
  25  3:43  Factory  
  25  3:44  Refinery  
  25  3:50  SCV  
  25  3:51  Unknown  
  26  4:07  SCV  
  28  4:12  Orbital Command  
  28  4:15  Barracks Reactor  
  27  4:24  SCV  
  28  4:41  SCV  
  28  4:48  Factory Tech Lab  
  29  4:53  Starport  
  29  4:58  SCV  
  30  5:01  SCV  
  31  5:10  Supply Depot  
  31  5:15  SCV  
  31  5:18  Barracks, SCV  
  33  5:21  Marine x2  
  33  5:25  Factory Tech Lab  
  35  5:31  Engineering Bay, SCV  
  35  5:35  SCV  
  37  5:46  Marine x2  
  37  5:48  SCV  
  40  5:58  Siege Tank  
  43  6:02  Cloaking Field  
  43  6:11  Marine x2  
  43  6:12  Banshee  
  43  6:16  SCV  
  43  6:17  SCV  
  50  6:27  Command Center  
  50  6:36  Marine x2  
  52  6:40  Terran Infantry Weapons Level 1  
  52  6:41  SCV x2  
  54  6:52  Stimpack  
  54  7:05  Factory Tech Lab  
  54  7:10  SCV x2  
  54  7:11  Marine x3  
  59  7:27  SCV x2  
  61  7:32  Barracks  
  61  7:33  Barracks  
  61  7:35  Marine  
  61  7:39  Supply Depot  
  62  7:47  Supply Depot  
  62  8:07  Marine x3, Banshee  
  68  8:22  Refinery  
  68  8:25  Refinery  
  68  8:26  Orbital Command  
  68  8:31  Hellion  
  68  8:32  Marine x3  
  73  8:57  Marine x3  
  76  9:01  Hellion  
  78  9:10  Orbital Command  
  78  9:22  Marine x3  
  81  9:31  Hellion  
  81  9:39  Marine x2  
  84  9:42  Unknown  
  84  9:47  Marine x3  
  87  10:01  Hellion  
  87  10:04  Marine x2  
  91  10:12  Marine x2  
  93  10:30  Marine  
  93  10:32  Marine  
  93  10:35  Marine  
  93  10:37  Hellion, Marine  
  93  10:39  Marine  
  93  10:43  Medivac  
  88  10:55  Marine  
  88  10:57  Marine  
  88  11:00  Marine  
  88  11:02  Marine  
  88  11:04  Marine  
  91  11:17  Supply Depot  
  91  11:18  Supply Depot x3  
  91  11:20  Supply Depot  
Tags
 
Add a new tag
Caveats
  • Supply blocks, unpowered buildings, or Contaminate may cause inaccurate times.
  • Supply counts are checked every 10 seconds.